AoeStats
← sergiomn19

Lombardia

508411589Analyzed
4v4 RM · 10d ago on Sep 22, 2026· 77m 43s· 8 players
Game mode
Random Map
Map size
Large (8 player)
Population
200
Speed
Normal
Resources
Standard
Victory
Conquest
Starting age
Dark Age
Ending age
Imperial Age
RankedLock teamsTeams togetherTeam positionsShared explorationLock speedFull tech treeHidden civsTurbo modeCheats
Victory
Defeat
🇪🇸 Cumans · Spain
753
+7
🇫🇷 Hindustanis · France
740
+8
🇮🇹 Bohemians · Italy
692
+9
🇲🇩 Bulgarians · Moldova
583
+13
🇮🇹 Vietnamese · Italy
570
-10
🇪🇸 Celts · Spain
543
-10
🇨🇳 Franks · China
535
-9
🇨🇳 Jurchens · China
505
-8
LAI32
18:02 Feudal Age
20:05 Wheelbarrow
26:06 Castle Age
27:39 Arson
30:26 Double-Bit Axe
30:24 Horse Collar
30:39 Gold Mining
30:40 Stone Mining
33:42 Caravan
43:28 Imperial Age
50:37 Heavy Plow
50:51 Bow Saw
57:04 Elite Iron Pagoda
massiPro97
10:08 Loom
13:01 Feudal Age
11:20 Loom
14:42 Horse Collar
15:39 Wheelbarrow
14:50 Town Watch
14:57 Double-Bit Axe
15:39 Gold Mining
15:40 Stone Mining
18:11 Scale Mail Armor
18:12 Padded Archer Armor
18:19 Scale Barding Armor
18:07 Fletching
19:22 Forging
23:34 Bloodlines
26:07 Castle Age
24:41 Man-at-Arms
27:09 Chain Barding Armor
28:26 Hand Cart
28:50 Heavy Plow
29:54 Bow Saw
32:17 Leather Archer Armor
32:43 Iron Casting
33:11 Town Patrol
34:20 Sanctity
33:59 Treadmill Crane
34:18 Murder Holes
35:11 Crossbowman
38:27 Thumb Ring
38:53 Long Swordsman
39:36 Squires
40:35 Fortified Wall
41:18 Ballistics
43:11 Caravan
48:31 Imperial Age
47:38 Arson
48:16 Chain Mail Armor
47:56 Bodkin Arrow
48:40 Husbandry
49:52 Crop Rotation
50:02 Stone Shaft Mining
49:30 Elite Battle Elephant
50:47 Capped Ram
52:44 Arbalester
60:36 Plate Barding Armor
60:32 Plate Mail Armor
60:32 Ring Archer Armor
60:03 Bracer
65:05 Cavalier
69:49 Light Cavalry
74:00 Two-Handed Swordsman
74:02 Pikeman
不知名南波湾
5:21 Loom
11:16 Feudal Age
12:37 Double-Bit Axe
15:11 Wheelbarrow
16:05 Gold Mining
16:48 Stone Mining
22:06 Castle Age
22:58 Bow Saw
24:37 Gold Shaft Mining
25:27 Hand Cart
25:21 Scale Barding Armor
25:17 Scale Mail Armor
25:30 Forging
29:58 Caravan
33:48 Imperial Age
31:06 Town Watch
34:34 Cavalier
35:14 Husbandry
35:42 Chain Barding Armor
35:57 Iron Casting
36:41 Paladin
42:21 Plate Barding Armor
42:47 Blast Furnace
48:33 Town Patrol
48:39 Onager
53:08 Chemistry
56:49 Chivalry
sergiomn19
0:42 Loom
12:05 Feudal Age
12:33 Double-Bit Axe
12:34 Horse Collar
16:53 Wheelbarrow
16:29 Town Watch
17:47 Gold Mining
17:49 Stone Mining
18:52 Arson
23:47 Castle Age
22:13 Fletching
22:41 Forging
23:24 Scale Mail Armor
24:47 Hand Cart
24:34 Town Patrol
25:00 Bow Saw
25:34 Heavy Plow
26:31 Gold Shaft Mining
28:22 Stone Shaft Mining
27:52 Bodkin Arrow
28:35 Iron Casting
29:58 Chain Mail Armor
29:59 Masonry
29:31 Treadmill Crane
29:47 Murder Holes
31:44 Ballistics
31:25 Gambesons
31:42 Stronghold
32:38 Caravan
38:32 Imperial Age
39:23 Capped Ram
40:53 Plate Mail Armor
41:24 Blast Furnace
41:31 Chemistry
41:46 Siege Engineers
43:06 Elite Woad Raider
45:05 Conscription
45:47 Furor Celtica
47:05 Hoardings
46:47 Siege Ram
DogeDogOfVenice
0:36 Loom
15:26 Feudal Age
15:55 Double-Bit Axe
17:16 Wheelbarrow
16:31 Horse Collar
19:34 Town Watch
24:56 Castle Age
25:57 Hand Cart
26:04 Bow Saw
25:57 Heavy Plow
27:46 Padded Archer Armor
28:55 Caravan
40:09 Imperial Age
38:13 Fortified Wall
37:58 Murder Holes
37:44 Treadmill Crane
38:26 Ballistics
37:56 Guard Tower
38:17 Masonry
37:36 Man-at-Arms
39:14 Town Patrol
39:33 Husbandry
38:58 Crossbowman
41:32 Leather Archer Armor
41:08 Fletching
41:18 Scale Mail Armor
41:24 Scale Barding Armor
41:33 Forging
43:16 Two-Man Saw
43:30 Elite Skirmisher
43:43 Heavy Scorpion
45:50 Light Cavalry
47:00 Arbalester
51:27 Keep
50:38 Arrowslits
51:53 Chemistry
51:24 Architecture
51:00 Siege Engineers
51:07 Siege Engineers
50:42 Pikeman
51:22 Squires
51:08 Arson
50:44 Long Swordsman
52:13 Halberdier
54:37 Bombard Tower
54:54 Conscription
54:39 Wagenburg Tactics
54:05 Sappers
53:56 Elite Hussite Wagon
54:42 Hussite Reforms
56:58 Ring Archer Armor
56:23 Bodkin Arrow
57:04 Iron Casting
56:44 Chain Mail Armor
56:50 Chain Barding Armor
60:26 Two-Handed Swordsman
62:38 Champion
64:34 Redemption
64:35 Fervor
64:26 Atonement
64:41 Block Printing
64:52 Illumination
64:27 Devotion
64:48 Sanctity
64:48 Heresy
65:04 Theocracy
64:24 Herbal Medicine
77:04 Bracer
78:04 Blast Furnace
77:35 Plate Mail Armor
78:32 Guilds
NomadRider5217
0:39 Loom
11:12 Feudal Age
12:47 Double-Bit Axe
18:57 Castle Age
16:43 Horse Collar
20:21 Bow Saw
21:00 Heavy Plow
26:46 Gold Mining
28:02 Gold Shaft Mining
31:39 Imperial Age
29:55 Stone Mining
31:26 Stone Shaft Mining
32:26 Fortified Wall
35:11 Caravan
43:40 Chemistry
43:05 Ballistics
44:03 Two-Man Saw
43:41 Wheelbarrow
42:51 Town Watch
45:49 Hand Cart
45:38 Town Patrol
45:54 Heavy Camel Rider
46:44 Bloodlines
46:35 Husbandry
46:46 Scale Barding Armor
46:52 Forging
46:43 Padded Archer Armor
48:04 Conscription
47:47 Grand Trunk Road
48:07 Siege Engineers
48:18 Masonry
47:47 Imperial Camel Rider
49:10 Chain Barding Armor
49:05 Leather Archer Armor
49:26 Iron Casting
51:23 Plate Barding Armor
51:51 Blast Furnace
51:22 Ring Archer Armor
54:21 Shatagni
54:44 Fletching
54:49 Imperial Camel Rider
65:55 Light Cavalry
67:04 Hussar
75:16 Siege Elephant
76:20 Spies/Treason
Cnry
6:33 Loom
11:32 Feudal Age
12:50 Wheelbarrow
16:01 Double-Bit Axe
17:35 Horse Collar
17:48 Gold Mining
23:47 Castle Age
21:52 Stone Mining
23:05 Scale Barding Armor
23:20 Forging
24:53 Hand Cart
24:42 Heavy Plow
26:35 Ballistics
26:25 Murder Holes
27:20 Gold Shaft Mining
28:07 Bow Saw
32:33 Imperial Age
30:42 Chain Barding Armor
31:15 Iron Casting
31:32 Bloodlines
32:37 Elite Steppe Lancer
33:42 Conscription
33:28 Steppe Husbandry
34:06 Plate Barding Armor
34:38 Blast Furnace
33:56 Town Watch
45:19 Squires
44:40 Pikeman
45:06 Arson
45:27 Scale Mail Armor
46:41 Chain Mail Armor
45:55 Halberdier
47:02 Caravan
47:33 Coinage
47:14 Guilds
47:45 Plate Mail Armor
57:52 Man-at-Arms
77:19 Capped Ram
saniuwa
1:12 Loom
12:26 Feudal Age
13:55 Double-Bit Axe
13:55 Horse Collar
23:41 Castle Age
21:55 Stone Mining
22:09 Gold Mining
23:00 Bloodlines
23:12 Fletching
23:33 Forging
23:25 Scale Mail Armor
23:53 Scale Barding Armor
24:53 Wheelbarrow
24:20 Town Watch
27:25 Bow Saw
27:18 Heavy Plow
27:26 Caravan
28:52 Stone Shaft Mining
29:03 Gold Shaft Mining
28:56 Fervor
31:14 Hand Cart
32:46 Murder Holes
35:26 Imperial Age
33:35 Masonry
34:09 Bodkin Arrow
34:49 Iron Casting
34:30 Chain Mail Armor
34:35 Chain Barding Armor
34:41 Husbandry
34:29 Gambesons
34:45 Squires
34:07 Pikeman
37:12 Crop Rotation
37:56 Ballistics
38:23 Architecture
38:21 Conscription
39:37 Bagains
39:33 Stirrups
41:37 Bracer
42:37 Blast Furnace
42:08 Plate Mail Armor
42:13 Plate Barding Armor
42:49 Elite Konnik
57:01 Capped Ram
Connection lost

Rejoining the realm…

Still unreachable

The connection could not be restored.

Session expired

The server has moved on; the page needs a fresh start.